TOP OF THE 1ST |
Houston Hammertime batting - Pitching for Mexico City Cerveceros : RHP Luis Castillo
|
Pitching: RHP Luis Castillo
|
|
Batting: RHB Juan Carlos
|
0-0: Ball 1-0: Swinging Strike 1-1: Ball 2-1: Ball 3-1: Base on Balls
|
Batting: RHB Santo Cruz
|
0-0: Foul Ball, location: 2F 0-1: Ball 1-1: Ball 2-1: Swinging Strike 2-2: Foul Ball, location: 2F 2-2: Strikes out looking
|
Batting: LHB Francisco Cardenas
|
0-0: Called Strike 0-1: Fly out, F6 (Popup, 6)
|
Batting: LHB Marcos Cantú
|
0-0: Ball 1-0: Fly out, F6 (Popup, 6)
|
Top of the 1st over - 0 runs, 0 hits, 0 errors, 1 left on base; Houston 0 - Mexico City 0 |
BOTTOM OF THE 1ST |
Mexico City Cerveceros batting - Pitching for Houston Hammertime : RHP José Crus
|
Pitching: RHP José Crus
|
|
Batting: LHB Rafael Delgado
|
0-0: Ball 1-0: SINGLE (Line Drive, 6MD)
|
Batting: RHB Robinson Pacheco
|
0-0: Foul Ball, location: 2F 0-1: Swinging Strike 0-2: Ball 1-2: Strikes out looking
|
Batting: LHB Mike Harris
|
0-0: Foul Ball, location: 2F 0-1: Fly out, F9 (Flyball, 9S)
|
Batting: LHB Dan Hamilton
|
0-0: Called Strike Rafael Delgado is caught stealing 2nd base
|
Bottom of the 1st over - 0 runs, 1 hit, 0 errors, 0 left on base; Houston 0 - Mexico City 0 |
TOP OF THE 2ND |
Houston Hammertime batting - Pitching for Mexico City Cerveceros : RHP Luis Castillo
|
Batting: LHB Dave Gordon
|
0-0: Called Strike 0-1: Ball 1-1: Ball 2-1: Fly out, F8 (Flyball, 8LXD)
|
Batting: LHB Raúl Casillán
|
0-0: Ball 1-0: Ball 2-0: Foul Ball, location: 2F 2-1: Ball 3-1: Foul Ball, location: 2F 3-2: Base on Balls
|
Batting: RHB José García
|
0-0: Ball 1-0: Foul Ball, location: 2F 1-1: Called Strike 1-2: Foul Ball, location: 2F 1-2: Fly out, F4 (Line Drive, 4)
|
Batting: LHB António Camacho
|
0-0: Ball 1-0: Called Strike 1-1: Ball 2-1: SINGLE (Groundball, 4MD) Raúl Casillán to second Runner from 2nd tries for 3rd, SAFE, no throw
|
Batting: LHB Enrique Valentín
|
0-0: Called Strike 0-1: Ball 1-1: Foul Ball, location: 2F 1-2: Foul Ball, location: 2F 1-2: Ball 2-2: Strikes out looking
|
Top of the 2nd over - 0 runs, 1 hit, 0 errors, 2 left on base; Houston 0 - Mexico City 0 |
BOTTOM OF THE 2ND |
Mexico City Cerveceros batting - Pitching for Houston Hammertime : RHP José Crus
|
Batting: LHB Dan Hamilton
|
0-0: Ball 1-0: Ball 2-0: Called Strike 2-1: Called Strike 2-2: Ball 3-2: Base on Balls
|
Batting: RHB John Dinkins
|
0-0: Ball 1-0: Foul Ball, location: 2F 1-1: Called Strike 1-2: Grounds into double play, 1-4-3 (Groundball, 15S)
|
Batting: RHB Henning Huisman
|
0-0: Called Strike 0-1: Ball 1-1: Ball 2-1: Ball 3-1: Called Strike 3-2: SINGLE (Flyball, 89S)
|
Batting: RHB Eliot James
|
0-0: Ball 1-0: Ball 2-0: Ground out 5-3 (Groundball, 56S)
|
Bottom of the 2nd over - 0 runs, 1 hit, 0 errors, 1 left on base; Houston 0 - Mexico City 0 |
TOP OF THE 3RD |
Houston Hammertime batting - Pitching for Mexico City Cerveceros : RHP Luis Castillo
|
Batting: RHB Juan Carlos
|
0-0: Ball 1-0: Foul Ball, location: 2F 1-1: Ball 2-1: SINGLE (Line Drive, 34)
|
Batting: RHB Santo Cruz
|
0-0: Ball 1-0: Foul Ball, location: 2F 1-1: Ball 2-1: Foul Ball, location: 2F 2-2: Foul Ball, location: 2F 2-2: Foul Ball, location: 2F 2-2: Ball 3-2: Fielders Choice at 2nd, 1-4 (Groundball, 15S)
|
Batting: LHB Francisco Cardenas
|
0-0: Foul Ball, location: 2F 0-1: Swinging Strike 0-2: SINGLE (Groundball, 56D) Santo Cruz to second
|
Batting: LHB Marcos Cantú
|
0-0: Fly out, F8 (Flyball, 8LM)
|
Batting: LHB Dave Gordon
|
0-0: Fly out, F8 (Flyball, 89XD)
|
Top of the 3rd over - 0 runs, 2 hits, 0 errors, 2 left on base; Houston 0 - Mexico City 0 |
BOTTOM OF THE 3RD |
Mexico City Cerveceros batting - Pitching for Houston Hammertime : RHP José Crus
|
Batting: RHB Mitchell Pate
|
0-0: Ball 1-0: Ball 2-0: Ball 3-0: Called Strike 3-1: Swinging Strike 3-2: Strikes out swinging
|
Batting: LHB John Nicholson
|
0-0: Ball 1-0: SOLO HOME RUN (Flyball, 9LD), Distance : 337 ft
|
Batting: LHB Rafael Delgado
|
0-0: Called Strike 0-1: Ball 1-1: DOUBLE (Line Drive, 7LD)
|
Batting: RHB Robinson Pacheco
|
0-0: Called Strike 0-1: Called Strike 0-2: Ball 1-2: Foul Ball, location: 2F 1-2: Fly out, F4 (Popup, 4D)
|
Batting: LHB Mike Harris
|
0-0: Foul Ball, location: 2F 0-1: Ball 1-1: Ball 2-1: Foul Ball, location: 2F 2-2: Foul Ball, location: 2F 2-2: Ball 3-2: SINGLE (Flyball, 8LS) Rafael Delgado to third Rafael Delgado scores
|
Batting: LHB Dan Hamilton
|
0-0: Called Strike 0-1: Foul Ball, location: 2F 0-2: Ball 1-2: Strikes out swinging
|
Bottom of the 3rd over - 2 runs, 3 hits, 0 errors, 1 left on base; Houston 0 - Mexico City 2 |
TOP OF THE 4TH |
Houston Hammertime batting - Pitching for Mexico City Cerveceros : RHP Luis Castillo
|
Batting: LHB Raúl Casillán
|
0-0: Ball 1-0: Foul Ball, location: 2F 1-1: Called Strike 1-2: Foul Ball, location: 2F 1-2: Foul Ball, location: 2F 1-2: Ball 2-2: Strikes out swinging
|
Batting: RHB José García
|
0-0: Bunt missed! 0-1: Foul Ball, location: 2F 0-2: SINGLE (Line Drive, 5)
|
Batting: LHB António Camacho
|
0-0: Ball 1-0: Called Strike 1-1: Grounds into double play, 3-6-3 (Groundball, 3)
|
Top of the 4th over - 0 runs, 1 hit, 0 errors, 0 left on base; Houston 0 - Mexico City 2 |
BOTTOM OF THE 4TH |
Mexico City Cerveceros batting - Pitching for Houston Hammertime : RHP José Crus
|
Batting: RHB John Dinkins
|
0-0: Ball 1-0: Ball 2-0: Ball 3-0: Called Strike 3-1: Foul Ball, location: 2F 3-2: Foul Ball, location: 2F 3-2: Base on Balls
|
Batting: RHB Henning Huisman
|
0-0: Ball 1-0: Called Strike 1-1: Grounds into double play, 6-4-3 (Groundball, 6)
|
Batting: RHB Eliot James
|
0-0: Ball 1-0: Called Strike 1-1: Ball 2-1: Ball 3-1: Base on Balls
|
Batting: RHB Mitchell Pate
|
0-0: Called Strike 0-1: Ball 1-1: Ball 2-1: Ball 3-1: Swinging Strike 3-2: Base on Balls Eliot James to second
|
Batting: LHB John Nicholson
|
0-0: Called Strike 0-1: Swinging Strike 0-2: Foul Ball, location: 2F 0-2: Strikes out swinging
|
Bottom of the 4th over - 0 runs, 0 hits, 0 errors, 2 left on base; Houston 0 - Mexico City 2 |
TOP OF THE 5TH |
Houston Hammertime batting - Pitching for Mexico City Cerveceros : RHP Luis Castillo
|
Batting: LHB Enrique Valentín
|
0-0: Ball 1-0: Ball 2-0: Foul Ball, location: 2F 2-1: Foul Ball, location: 2F 2-2: Strikes out swinging
|
Batting: RHB Juan Carlos
|
0-0: Ball 1-0: Ground out 5-3 (Groundball, 56S)
|
Batting: RHB Santo Cruz
|
0-0: Called Strike 0-1: Hit by Pitch
|
Batting: LHB Francisco Cardenas
|
0-0: Ball Santo Cruz steals 2nd base 1-0: Called Strike 1-1: SINGLE (Flyball, 8LS) Santo Cruz to third Runner from 3rd tries for Home, SAFE, no throw
|
Pitching: RHP David Sheppard
|
|
Batting: LHB Marcos Cantú
|
0-0: Called Strike 0-1: Called Strike 0-2: Foul Ball, location: 2F 0-2: Strikes out looking
|
Top of the 5th over - 1 run, 1 hit, 0 errors, 1 left on base; Houston 1 - Mexico City 2 |
BOTTOM OF THE 5TH |
Mexico City Cerveceros batting - Pitching for Houston Hammertime : RHP José Crus
|
Batting: LHB Rafael Delgado
|
0-0: Foul Ball, location: 2F 0-1: Foul Ball, location: 2F 0-2: Ball 1-2: Foul Ball, location: 2F 1-2: Foul Ball, location: 2F 1-2: Ground out U3 (Groundball, 3S)
|
Batting: RHB Robinson Pacheco
|
0-0: Ball 1-0: Ball 2-0: Foul Ball, location: 2F 2-1: Ball 3-1: Ground out 3-1 (Groundball, 34)
|
Batting: LHB Mike Harris
|
0-0: Called Strike 0-1: Called Strike 0-2: Ball 1-2: Foul Ball, location: 2F 1-2: Foul Ball, location: 2F 1-2: Ball 2-2: DOUBLE (Line Drive, 78XD)
|
Batting: LHB Dan Hamilton
|
0-0: Ball 1-0: Foul Ball, location: 2F 1-1: Swinging Strike 1-2: Ground out 5-3 (Groundball, 5L)
|
Bottom of the 5th over - 0 runs, 1 hit, 0 errors, 1 left on base; Houston 1 - Mexico City 2 |
TOP OF THE 6TH |
Houston Hammertime batting - Pitching for Mexico City Cerveceros : RHP David Sheppard
|
Batting: LHB Dave Gordon
|
0-0: Foul Ball, location: 2F 0-1: Ball 1-1: Fly out, F8 (Line Drive, 8LD)
|
Batting: LHB Raúl Casillán
|
0-0: Called Strike 0-1: Foul Ball, location: 2F 0-2: Foul Ball, location: 2F 0-2: Foul Ball, location: 2F 0-2: Ball 1-2: Strikes out looking
|
Batting: RHB José García
|
0-0: Called Strike 0-1: Swinging Strike 0-2: SINGLE (Flyball, 7LM)
|
Batting: LHB António Camacho
|
0-0: Ball 1-0: Called Strike 1-1: Fielders Choice at 2nd, 5-4 (Groundball, 56)
|
Top of the 6th over - 0 runs, 1 hit, 0 errors, 1 left on base; Houston 1 - Mexico City 2 |
BOTTOM OF THE 6TH |
Mexico City Cerveceros batting - Pitching for Houston Hammertime : RHP José Crus
|
Pitching: RHP António Sánchez
|
|
Batting: RHB John Dinkins
|
0-0: Ball 1-0: Ball 2-0: Ball 3-0: Foul Ball, location: 2F 3-1: Base on Balls
|
Batting: RHB Henning Huisman
|
0-0: Called Strike 0-1: Ball 1-1: Foul Ball, location: 2F 1-2: SINGLE (Line Drive, 89M) John Dinkins to second
|
Batting: RHB Eliot James
|
0-0: Ball 1-0: Foul Ball, location: 2F 1-1: Fly out, F9 (Flyball, 9S)
|
Batting: RHB Mitchell Pate
|
0-0: Hit by Pitch John Dinkins to third Henning Huisman to second
|
Batting: LHB John Nicholson
|
0-0: Grounds into fielders choice 3-2 (Groundball, 3L) Henning Huisman to third Mitchell Pate to second
|
Batting: LHB Rafael Delgado
|
0-0: Reached on error, E5 (Groundball, 5S) Henning Huisman scores Mitchell Pate to third John Nicholson to second
|
Batting: RHB Robinson Pacheco
|
0-0: Ball 1-0: Called Strike 1-1: Foul Ball, location: 2F 1-2: Foul Ball, location: 2F 1-2: Ball 2-2: Strikes out looking and he ARGUES THE CALL AND IS TOSSED!
|
Bottom of the 6th over - 1 run, 1 hit, 1 error, 3 left on base; Houston 1 - Mexico City 3 |
TOP OF THE 7TH |
Houston Hammertime batting - Pitching for Mexico City Cerveceros : RHP David Sheppard
|
Batting: LHB Enrique Valentín
|
0-0: Ball 1-0: Foul Ball, location: 2F 1-1: Foul Ball, location: 2F 1-2: Ball 2-2: Foul Ball, location: 2F 2-2: Ball 3-2: DOUBLE (Line Drive, 89D)
|
Batting: RHB Juan Carlos
|
Balk! Enrique Valentín to third 0-0: Ball 1-0: Ball 2-0: DOUBLE (Line Drive, 78D) Enrique Valentín scores
|
Batting: RHB Santo Cruz
|
0-0: Called Strike 0-1: Ball 1-1: Ball 2-1: DOUBLE (Line Drive, 7LM) Juan Carlos scores
|
Pitching: RHP Juan Ríos
|
|
Batting: LHB Francisco Cardenas
|
0-0: Ball 1-0: Swinging Strike 1-1: Ball 2-1: Foul Ball, location: 2F 2-2: Ball 3-2: Strikes out swinging
|
Batting: LHB Marcos Cantú
|
0-0: Intentional Walk
|
Batting: LHB Dave Gordon
|
0-0: Called Strike 0-1: Ball 1-1: Called Strike 1-2: Foul Ball, location: 2F 1-2: Ball 2-2: 3-RUN HOME RUN (Flyball, 9LD), Distance : 336 ft
|
Batting: LHB Raúl Casillán
|
0-0: Ball 1-0: Foul Ball, location: 2F 1-1: SINGLE (Groundball, 4) (infield hit)
|
Batting: RHB José García
|
0-0: Foul Ball, location: 2F 0-1: Ball 1-1: Ball 2-1: Ball 3-1: Foul Ball, location: 2F 3-2: Foul Ball, location: 2F 3-2: Ground out 6-3 (Groundball, 6M) Raúl Casillán to second
|
Batting: LHB António Camacho
|
0-0: Ball 1-0: Called Strike 1-1: Foul Ball, location: 2F 1-2: Foul Ball, location: 2F 1-2: Ground out 6-3 (Groundball, 6)
|
Top of the 7th over - 5 runs, 5 hits, 0 errors, 1 left on base; Houston 6 - Mexico City 3 |
BOTTOM OF THE 7TH |
Mexico City Cerveceros batting - Pitching for Houston Hammertime : RHP António Sánchez
|
Batting: LHB Mike Harris
|
0-0: Ball 1-0: Foul Ball, location: 2F 1-1: Ground out 4-3 (Groundball, 4M)
|
Batting: LHB Dan Hamilton
|
0-0: Foul Ball, location: 2F 0-1: SINGLE (Groundball, 3D)
|
Batting: RHB John Dinkins
|
0-0: Fielders Choice at 2nd, 6-4 (Groundball, 6)
|
Batting: RHB Henning Huisman
|
0-0: Ball 1-0: Foul Ball, location: 2F 1-1: Ball 2-1: Ball 3-1: Foul Ball, location: 2F 3-2: Base on Balls John Dinkins to second
|
Batting: RHB Eliot James
|
0-0: Called Strike 0-1: Foul Ball, location: 2F 0-2: Ball 1-2: Strikes out looking
|
Bottom of the 7th over - 0 runs, 1 hit, 0 errors, 2 left on base; Houston 6 - Mexico City 3 |
TOP OF THE 8TH |
Houston Hammertime batting - Pitching for Mexico City Cerveceros : RHP Juan Ríos
|
Batting: LHB Enrique Valentín
|
0-0: Swinging Strike 0-1: Ball 1-1: Ball 2-1: Foul Ball, location: 2F 2-2: Strikes out looking
|
Batting: RHB Juan Carlos
|
0-0: Called Strike 0-1: Ball 1-1: Called Strike 1-2: Foul Ball, location: 2F 1-2: DOUBLE (Line Drive, 9LS)
|
Batting: RHB Santo Cruz
|
0-0: Called Strike Throwing error on steal attempt, E2 Juan Carlos scores 0-1: Ball 1-1: Foul Ball, location: 2F 1-2: DOUBLE (Flyball, 78XD)
|
Pitching: RHP Manuel Zarate
|
|
Batting: LHB Francisco Cardenas
|
0-0: Called Strike 0-1: SINGLE (Groundball, 6S) (infield hit) Santo Cruz to third
|
Batting: LHB Marcos Cantú
|
0-0: Ball 1-0: Ball 2-0: Ball 3-0: Foul Ball, location: 2F 3-1: Base on Balls Francisco Cardenas to second
|
Batting: LHB Dave Gordon
|
0-0: Swinging Strike 0-1: Ball 1-1: Foul Ball, location: 2F 1-2: GRAND SLAM HOME RUN (Flyball, 7D), Distance : 361 ft
|
Batting: LHB Raúl Casillán
|
0-0: Ball 1-0: Ball 2-0: Ball 3-0: Called Strike 3-1: Ground out 4-3 (Groundball, 34)
|
Batting: RHB José García
|
0-0: Called Strike 0-1: Ball 1-1: Called Strike 1-2: Fly out, F9 (Line Drive, 9D)
|
Top of the 8th over - 5 runs, 4 hits, 1 error, 0 left on base; Houston 11 - Mexico City 3 |
BOTTOM OF THE 8TH |
Mexico City Cerveceros batting - Pitching for Houston Hammertime : RHP António Sánchez
|
Now at C: Raúl Salas
|
|
Batting: RHB Mitchell Pate
|
0-0: Fly out, F6 (Line Drive, 6)
|
Batting: LHB John Nicholson
|
0-0: Ball 1-0: SOLO HOME RUN (Line Drive, 7LD), Distance : 335 ft
|
Batting: LHB Rafael Delgado
|
0-0: Foul Ball, location: 2F 0-1: Ground out 4-3 (Groundball, 4)
|
Batting: RHB Lee Price
|
0-0: Swinging Strike 0-1: Ball 1-1: Swinging Strike 1-2: Foul Ball, location: 2F 1-2: Strikes out swinging
|
Bottom of the 8th over - 1 run, 1 hit, 0 errors, 0 left on base; Houston 11 - Mexico City 4 |
TOP OF THE 9TH |
Houston Hammertime batting - Pitching for Mexico City Cerveceros : RHP Manuel Zarate
|
Batting: LHB António Camacho
|
0-0: Swinging Strike 0-1: Ball 1-1: Ball 2-1: Ball 3-1: Foul Ball, location: 2F 3-2: Strikes out swinging
|
Batting: LHB Enrique Valentín
|
0-0: TRIPLE (Flyball, 8LXD)
|
Batting: RHB Juan Carlos
|
0-0: Ball 1-0: Foul Ball, location: 2F 1-1: Foul Ball, location: 2F 1-2: Ground out U3 (Groundball, 34) Enrique Valentín scores
|
Batting: RHB Santo Cruz
|
0-0: Ball 1-0: Foul Ball, location: 2F 1-1: Foul Ball, location: 2F 1-2: SINGLE (Line Drive, 7S)
|
Batting: LHB Francisco Cardenas
|
0-0: Called Strike 0-1: Called Strike 0-2: Ball 1-2: Ball 2-2: SINGLE (Line Drive, 6MD) Santo Cruz to second
|
Batting: LHB Marcos Cantú
|
0-0: Ball 1-0: Fielders Choice at 2nd, 6-4 (Groundball, 6)
|
Top of the 9th over - 1 run, 3 hits, 0 errors, 2 left on base; Houston 12 - Mexico City 4 |
BOTTOM OF THE 9TH |
Mexico City Cerveceros batting - Pitching for Houston Hammertime : RHP António Sánchez
|
Batting: LHB Mike Harris
|
0-0: Foul Ball, location: 2F 0-1: Ground out 1-6-3 (Groundball, 15S)
|
Batting: LHB Dan Hamilton
|
0-0: Fly out, F8 (Flyball, 8LM)
|
Batting: RHB John Dinkins
|
0-0: Ball 1-0: Swinging Strike 1-1: Ball 2-1: Ground out U3 (Groundball, 3S)
|
Bottom of the 9th over - 0 runs, 0 hits, 0 errors, 0 left on base; Houston 12 - Mexico City 4 |
|